 Dungeon Crawl Stone Soup version 0.31-a0-117-g42d8f58691 (webtiles) character file.

Game seed: 14355697250466280912

142326 Kenran the Spry (level 16, -1/138 HPs)
             Began as a Vampire Fighter on May 30, 2023.
             Was an Initiate of Gozag.
             Killed by divine providence
             ... invoked by a meliai
              (9 damage)
             ... on level 4 of the Spider Nest.
             The game lasted 00:53:20 (29989 turns).

Kenran the Spry (Vampire Fighter)                  Turns: 29989, Time: 00:53:21

Health: -1/138     AC: 21    Str: 15    XL:     16   Next: 80%
Magic:  16/16      EV: 16    Int: 12    God:    Gozag
Gold:   1360       SH: 37    Dex: 26    Spells: 15/15 levels left

rFire   + . .        a - +8 double sword (drain)
rCold   + . .        s - +18 shield of the Gong {Loud rN+ Will+ rCorr EV-5}
rNeg    + . .        c - +4 scale mail "Waaleg" {rPois}
rPois   +            S - +2 hat {Will+}
rElec   .            C - +1 cloak
rCorr   +            e - +1 pair of gloves
SInv    +            U - +0 pair of boots of the Armoured One {rF+}
Will    +++..        E - amulet of reflection
Stlth   +            k - +6 ring of dexterity
HPRegen 0.63/turn    R - ring of protection from cold
MPRegen 0.15/turn

%: reflection
@: lethally poisoned (-1 -> -14), healing quickly, slowed, studying Shields,
very slow
A: alive, fangs 3, see invisible, vampiric 2
a: Exsanguinate, Renounce Religion, Potion Petition, Call Merchant, Bribe Branch


You were on level 4 of the Spider Nest.
You worshipped Gozag.
Gozag was most pleased with you.
You visited 5 branches of the dungeon, and saw 27 of its levels.
You also visited: Ossuary and Gauntlet.

You collected 9311 gold pieces.
You spent 4478 gold pieces at shops.
You paid 3473 gold pieces to Gozag.

Inventory:

Hand Weapons
 a - a +8 double sword of draining (weapon)
 b - a +1 scimitar of flaming
Armour
 c - the +4 scale mail "Waaleg" (worn) {rPois}
   (You bought it in a shop on level 1 of the Orcish Mines)

   rPois:     It protects you from poison.
 e - a +1 pair of gloves (worn)
 s - the +18 shield of the Gong (worn) {Loud rN+ Will+ rCorr EV-5}
   (You bought it in a shop on level 1 of the Orcish Mines)

   Loud:      It is deafeningly noisy when blocking attacks.
   EV:        It affects your evasion (-5).
   rN:        It protects you from negative energy.
   rCorr:     It protects you from acid and corrosion.
   Will:      It increases your willpower.
 C - a +1 cloak (worn)
 H - the +6 scale mail of the Equinox {Stlth+}
   (You acquired it on level 2 of the Lair of Beasts)

   Stlth:     It makes you more stealthy.
 S - a +2 hat of willpower (worn)
 U - the +0 pair of boots of the Armoured One (worn) {rF+}
   (You bought it in a shop on level 2 of the Orcish Mines)

   rF:        It protects you from fire.
Jewellery
 k - a +6 ring of dexterity (left hand)
 m - a ring of willpower
 w - a ring of poison resistance
 A - a ring of flight
 E - an amulet of reflection (around neck)
 R - a ring of protection from cold (right hand)
Wands
 h - a wand of paralysis (22)
 q - a wand of flame (50)
 r - a wand of roots (21)
 B - a wand of mindburst (11)
 V - a wand of acid (4)
Scrolls
 d - 2 scrolls of magic mapping
 i - 2 scrolls of enchant armour
 j - 6 scrolls of poison {!r}
 n - 6 scrolls of vulnerability {!r}
 p - 6 scrolls of teleportation
 u - 3 scrolls of silence
 v - a scroll of summoning
 y - 2 scrolls of amnesia
 F - a scroll of brand weapon
 K - 6 scrolls of fear
 M - 2 scrolls of immolation {!r}
 P - 2 scrolls of torment {!r}
 Q - 8 scrolls of identify {@r1}
 T - 2 scrolls of fog
Potions
 f - 3 potions of ambrosia
 g - 7 potions of lignification {!q}
 l - 2 potions of haste
 o - 10 potions of mutation {!q}
 x - 11 potions of curing {@q1}
 z - 5 potions of attraction {!q}
 G - 3 potions of might
 I - 2 potions of enlightenment
 J - 2 potions of magic
 N - 7 potions of heal wounds {@q2}
 O - 2 potions of cancellation
Miscellaneous
 t - a phantom mirror
 D - a condenser vane
 L - a piece from Xom's chessboard (15/15)


   Skills:
 + Level 16.2 Fighting
 - Level 16.0 Long Blades
 - Level 12.0 Armour
 + Level 16.7 Dodging
 + Level 11.5 Shields
 - Level 8.0 Evocations


You had 15 spell levels left.
You didn't know any spells.
Your spell library contained the following spells:

 Spells                   Type           Power      Damage    Failure   Level
 Freeze                   Ice            0%         1d3       89%         1
 Scorch                   Fire           0%         2d5       96%         2
 Frozen Ramparts          Ice            0%         1d1       99%         3
 Hailstorm                Conj/Ice       0%         3d3       99%         3
 Flame Wave               Conj/Fire      0%         2d4       100%        4
 Summon Cactus Giant      Summ           0%         N/A       100%        6


Dungeon Overview and Level Annotations

Branches:
Dungeon (15/15)            Temple (1/1) D:7            Lair (5/5) D:10
 Shoals (0/4) Lair:2       Spider (4/4) Lair:3        Slime (0/5) Lair:5
    Orc (2/2) D:11            Elf (0/3) Orc:2        Vaults (0/5) D:13
 Depths (0/4) D:15        Ossuary (visited)         Gauntlet (visited)

Altars:
Ashenzari
Cheibriados
Dithmenos
Fedhas
Gozag
Hepliaklqana
Kikubaaqudgha
Makhleb
Nemelex Xobeh
Okawaru
Qazlal
Ru
Sif Muna
Trog
Uskayaw
Vehumet
Wu Jian
Xom
Yredelemnul
Jiyva

Shops:
D:10 (**   D:14 =   Orc:1 [(=*[*[[   Orc:2 :*(([(

Portals:
Trove: D:13 (give +3 fire dragon scales)

Annotations:
D:14 Rupert
D:15 5 transporters
Lair:3 exclusion: oklob plant
Orc:2 3 runed translucent doors, Essalna's ghost, journeyman TeFE; MrShunz's ghost, adept VSBr; hattey's ghost, journeyman HuWn


Innate Abilities, Weirdness & Mutations

Your natural rate of healing is accelerated.
You have razor-sharp teeth.
You have supernaturally acute eyesight. (SInv)
You are afflicted with vampirism and can become a bat while bloodless.


Message History

The meliai stings you but does no damage.
An entropy weaver comes into view.
The emperor scorpion stings you but does no damage.
The emperor scorpion claws you but does no damage.
The emperor scorpion claws you!
* * * LOW HITPOINT WARNING * * *
The meliai closely misses you. The meliai barely misses you.
The meliai hits you with a +0 hand axe.
* * * LOW HITPOINT WARNING * * *
The meliai barely misses you.
Being near the torpor snail leaves you feeling lethargic.
A torpor snail comes into view.
The entropy weaver moves out of view.
There is a web, spattered with blood here.
Okay, then.
You disentangle yourself.
You block the meliai's attack.
PANG!
You block the meliai's attack.
GONNNNG!
A demonic crawler comes into view.
The meliai invokes the aid of its god against you.
Something smites you!
* * * LOW HITPOINT WARNING * * *
You block the meliai's attack.
GONNNNG!
The meliai closely misses you.
The emperor scorpion closely misses you.
You block the emperor scorpion's attack.
BONNNG!
The emperor scorpion claws you.
* * * LOW HITPOINT WARNING * * *
A demonic crawler comes into view.
A steelbarb worm comes into view.
The meliai closely misses you. The meliai stings you.
* * * LOW HITPOINT WARNING * * *
You are lethally poisoned!
The meliai poisons you! The meliai barely misses you. The meliai misses you.
The meliai invokes the aid of its god against you.
Something smites you!
You die...
Your body crumbles into a pile of gold.

##.....#
≣≣ ≣≣.
#......##
≣.
###.#..✳#
≣# ###...≣
#..≣≣
##..≣
#...≣≣
##.$y≣≣
#...@≣
#.✳#sy≣
##✳#yysy.
###...w...
##.....ww
.≣≣.... ≣≣
.s.≣ .s≣


You could see an emperor scorpion, a steelbarb worm, a spark wasp, 2 torpor
snails, 3 demonic crawlers and 4 meliai.

Vanquished Creatures
  Donald (Spider:4)
  2 ghost moths
  A broodmother (Spider:2)
  An orc warlord (Orc:2)
  A minotaur (Gauntlet)
  2 spark wasps
  An ettin (D:15)
  6 entropy weavers
  8 hydras
  A vault guard (D:13)
  Fannar (D:10)
  A jorogumo (Spider:3)
  A radroach (Spider:3)
  5 centaur warriors
  An ogre mage (D:15)
  Erica (D:9)
  4 tengu warriors
  2 catoblepae
  7 two-headed ogres
  8 boulder beetles
  An orc high priest (Orc:2)
  Amaemon (Lair:2)
  A sixfirhy (D:12)
  A skyshark (Lair:5)
  A sun moth (Spider:3)
  2 pharaoh ants (Spider:1)
  4 skeletal warriors (D:12)
  A deep troll (D:15)
  2 wizards
  An orb spider (Lair:3)
  Pikel (D:5)
  A harpy (Lair:2)
  6 orc knights
  3 steelbarb worms
  2 deep elf pyromancers (D:15)
  11 wolf spiders
  20 ugly things
  2 orc sorcerers (Orc:2)
  4 moths of wrath
  11 cyclopes
  2 manticores (D:13)
  18 elephants
  2 molten gargoyles (Gauntlet)
  An orange demon (Lair:2)
  3 gargoyles
  8 demonic crawlers
  6 torpor snails
  13 black mambas
  A guardian serpent (Lair:5)
  Maggie (D:7)
  Psyche (D:10)
  3 unseen horrors
  13 cane toads
  2 kobold demonologists
  6 komodo dragons
  4 rime drakes
  A tengu conjurer (D:15)
  A freezing wraith (D:11)
  2 meliai
  A hornet (shapeshifter) (D:13)
  8 trolls
  A polar bear (shapeshifter) (D:15)
  16 tarantellas
  9 polar bears (Lair:5)
  Prince Ribbit (D:9)
  6 hornets
  11 blink frogs
  A dream sheep (Lair:4)
  2 raiju (Lair:5)
  29 jumping spiders
  11 culicivoras
  Sigmund (D:3)
  2 centaur simulacra (Gauntlet)
  A vampire (D:11)
  A shadow (D:12)
  4 basilisks
  2 wraiths
  14 wyverns
  40 yaks
  29 redbacks
  13 vampire mosquitoes
  Menkaure (D:7)
  Edmund (D:6)
  8 wargs
  20 water moccasins
  15 hell hounds (Lair:5)
  An acid dragon (D:13)
  Pargi (D:3)
  24 orc warriors
  A sky beast (D:7)
  4 ogres
  12 black bears
  26 wolves
  12 centaurs
  A lemure (D:6)
  A phantom (D:4)
  A kobold brigand (D:8)
  2 gnoll sergeants
  Blork the orc (D:5)
  14 bullfrogs
  10 scorpions
  A hornet simulacrum (Gauntlet)
  12 wights
  8 killer bees
  A howler monkey (D:6)
  10 electric eels
  2 centaur zombies (Ossuary)
  4 jellies
  2 hounds
  20 orc priests
  5 human zombies (Ossuary)
  2 hell rats (Lair:3)
  5 scorpion zombies (Ossuary)
  3 sleepcaps
  34 orc wizards
  3 mummies (Ossuary)
  8 adders
  14 gnolls
  8 river rats (Lair:3)
  A worm (D:2)
  5 dart slugs
  93 orcs
  8 endoplasms
  5 giant cockroaches
  A gnoll zombie (Ossuary)
  11 goblins
  3 hobgoblins
  4 quokkas
  7 ball pythons
  2 bats (D:3)
  4 frilled lizards
  4 goblin zombies (Ossuary)
  2 hobgoblin zombies (Ossuary)
  15 kobolds
  3 kobold zombies (Ossuary)
  10 rats
898 creatures vanquished.

Vanquished Creatures (others)
  2 tengu conjurers
  An orc wizard (Orc:2)
3 creatures vanquished.

Grand Total: 901 creatures vanquished

Notes
Turn   | Place    | Note
-------+----------+-------------------------------------------
     0 | D:1      | Kenran the Vampire Fighter began the quest for the Orb.
     0 | D:1      | Reached XP level 1. HP: 17/17 MP: 1/1
    86 | D:1      | Reached XP level 2. HP: 22/23 MP: 2/2
   299 | D:1      | Gained mutation: You are afflicted with vampirism and can
                  | become a bat while bloodless. [Vampire growth]
   299 | D:1      | Reached XP level 3. HP: 25/28 MP: 3/3
   967 | D:2      | Reached XP level 4. HP: 34/34 MP: 4/4
  1381 | D:2      | Identified 3 scrolls of acquirement
  1381 | D:2      | Acquired a manual of Armour
  1383 | D:2      | Acquired a manual of Fighting
  1498 | D:3      | Noticed Sigmund
  1510 | D:3      | Killed Sigmund
  1511 | D:3      | Reached XP level 5. HP: 15/39 MP: 5/5
  1568 | D:3      | Reached XP level 6. HP: 32/46 MP: 6/6
  1942 | D:3      | Found a shadowy altar of Dithmenos.
  2014 | D:3      | Noticed Pargi
  2019 | D:3      | Killed Pargi
  2452 | D:4      | Found a sand-covered staircase.
  2461 | Ossuary  | Entered an ossuary
  2530 | Ossuary  | Reached XP level 7. HP: 51/51 MP: 7/7
  2725 | Ossuary  | Reached XP level 8. HP: 46/57 MP: 8/8
  2853 | Ossuary  | Reached skill level 10 in Long Blades
  3125 | D:4      | Reached skill level 5 in Fighting
  3364 | D:4      | Found a radiant altar of Vehumet.
  3369 | D:4      | Found a shimmering altar of Xom.
  3370 | D:4      | Found an ornate altar of the Wu Jian Council.
  3373 | D:4      | Found a stormy altar of Qazlal.
  3374 | D:4      | Found a sacrificial altar of Ru.
  3580 | D:5      | Entered Level 5 of the Dungeon
  3718 | D:5      | Noticed Blork the orc
  3740 | D:5      | Killed Blork the orc
  4155 | D:5      | Reached XP level 9. HP: 65/74 MP: 9/9
  4248 | D:5      | Reached skill level 5 in Armour
  4634 | D:6      | Found a hazy altar of Hepliaklqana.
  4968 | D:6      | Noticed Edmund
  4989 | D:6      | Killed Edmund
  5329 | D:6      | Noticed Pikel
  5369 | D:5      | Killed Pikel
  5968 | D:6      | Found an opulent altar of Gozag.
  5974 | D:6      | Acquired a +2 demon blade of electrocution
  6028 | D:7      | Noticed Maggie
  6265 | D:7      | Noticed Menkaure
  6337 | D:7      | Killed Menkaure
  6556 | D:7      | Found a staircase to the Ecumenical Temple.
  6561 | D:7      | Noticed a two-headed ogre
  6563 | Temple   | Entered the Ecumenical Temple
  6892 | D:7      | Reached XP level 10. HP: 76/83 MP: 10/10
  6991 | D:7      | Killed Maggie
  6992 | D:7      | Reached skill level 10 in Fighting
  7038 | D:7      | Killed a two-headed ogre
  7099 | D:6      | Became a worshipper of Gozag Ym Sagoz the Greedy
  8174 | D:6      | Found a hazy altar of Hepliaklqana.
  8493 | D:6      | Found an opulent altar of Gozag.
  9163 | D:8      | Found an iron altar of Okawaru.
  9252 | D:8      | Identified the ring of Orosofuerph {*Corrode rPois rF- EV+5
                  | Dex+5}
  9751 | D:9      | Found a bloodstained altar of Trog.
  9912 | D:9      | Noticed a two-headed ogre
 10035 | D:9      | Noticed Erica
 10167 | D:8      | Killed a two-headed ogre
 10168 | D:8      | Reached skill level 10 in Armour
 10316 | D:9      | Killed Erica
 10317 | D:9      | Reached XP level 11. HP: 66/92 MP: 11/11
 10473 | D:9      | Noticed Prince Ribbit
 10483 | D:9      | Killed Prince Ribbit
 10694 | D:10     | Entered Level 10 of the Dungeon
 10750 | D:10     | Found a staircase to the Lair.
 10801 | D:10     | Found a hide-covered altar of Uskayaw.
 10877 | D:10     | Found Cenanwei's Antique Weapon Shop.
 10887 | D:10     | Bought a jewelled great sword for 184 gold pieces
 10887 | D:10     | Identified the +2 great sword "Ruwni" {flame, Str+4 Int-2
                  | Dex+3} (You bought it in a shop on level 10 of the Dungeon)
 10898 | D:10     | Found Teemn's General Store.
 10909 | D:10     | Bought a potion of curing for 39 gold pieces
 10915 | D:10     | Noticed Fannar
 10928 | D:10     | Killed Fannar
 10951 | D:10     | Found Henypn's Assorted Antiques.
 10972 | D:10     | Noticed Psyche
 10982 | D:10     | Killed Psyche
 10983 | D:10     | You fall into a shaft and drop 2 floors!
 11238 | D:12     | Noticed a brown ugly thing
 11260 | D:12     | Noticed a two-headed ogre
 11262 | D:12     | Found a runed translucent door.
 11263 | D:12     | Noticed a sixfirhy
 12194 | D:11     | Found a staircase to the Orcish Mines.
 12351 | D:11     | Noticed a centaur warrior
 12361 | D:11     | Killed a centaur warrior
 12362 | D:11     | Reached skill level 5 in Shields
 12525 | D:11     | Found an ancient bone altar of Kikubaaqudgha.
 12625 | Lair:1   | Entered Level 1 of the Lair of Beasts
 12733 | Lair:1   | Reached XP level 12. HP: 87/102 MP: 12/12
 12807 | Lair:1   | Reached skill level 5 in Dodging
 13718 | Lair:2   | Found a staircase to the Shoals.
 13954 | Lair:2   | Noticed Amaemon
 13969 | Lair:2   | Killed Amaemon
 14814 | Lair:2   | Acquired the +6 scale mail of the Equinox {Stlth+}
 14882 | Lair:3   | Reached skill level 5 in Evocations
 14975 | Lair:3   | Identified the +3 leather armour of Roriahio {Drain rElec
                  | rC+ Str+3}
 15166 | Lair:3   | Reached XP level 13. HP: 107/108 MP: 13/13
 15169 | Lair:3   | Reached skill level 10 in Dodging
 15410 | Lair:3   | Reached skill level 15 in Long Blades
 15756 | Lair:3   | Found a hole to the Spider Nest.
 16117 | Lair:4   | You fall into a shaft and drop 1 floor!
 16117 | Lair:5   | Entered Level 5 of the Lair of Beasts
 17359 | Lair:5   | Identified the +7 trident of Dullness {flame, rF+ MP+9
                  | Dex+3 Stlth-}
 17360 | Lair:5   | Identified the +0 chain mail of the Lonely Interlopers
                  | {MP+9}
 17669 | Lair:5   | Reached skill level 15 in Fighting
 17679 | Lair:5   | Reached XP level 14. HP: 123/123 MP: 14/14
 17876 | Lair:5   | Found a staircase to the Slime Pits.
 17876 | Lair:5   | Found a viscous altar of Jiyva.
 18952 | Lair:5   | Identified the +10 spear of Infinity {heavy, rPois Str+4
                  | Int+4}
 20492 | D:13     | Found a portal to a secret trove of treasure.
 21137 | D:13     | Reached XP level 15. HP: 102/129 MP: 15/15
 21232 | D:13     | Found a gate to the Vaults.
 21414 | D:14     | Found a gate leading to a gauntlet.
 21421 | D:14     | Found Gihine's Jewellery Emporium.
 21461 | Gauntlet | Entered a Gauntlet
 21461 | Gauntlet | Found a transporter.
 21461 | Gauntlet | Found a transporter.
 21479 | Gauntlet | Found a runed translucent door.
 21493 | Gauntlet | Found a transporter.
 21494 | Gauntlet | Found a transporter.
 21502 | Gauntlet | Found a transporter.
 21507 | Gauntlet | Found a transporter.
 21524 | Gauntlet | Found a transporter.
 21532 | Gauntlet | Found a transporter.
 21547 | Gauntlet | Found a transporter.
 21551 | Gauntlet | Found a transporter.
 21559 | Gauntlet | Found a transporter.
 21563 | Gauntlet | Found a transporter.
 21639 | Gauntlet | Identified the staff of cold "Pelat" {Fragile rF- rC+ rCorr
                  | Str+8}
 21723 | Gauntlet | Identified the +1 trident of Integrity {protect, +Blink rF-
                  | Int+4}
 21734 | Gauntlet | Identified the +3 quick blade "Heoci" {heavy, rF- Str+3
                  | Dex+3}
 21746 | Gauntlet | Identified the staff of cold "Kanteoxt" {rC+ rN+++ Stlth-}
 21746 | Gauntlet | Identified the amulet "Foerusue" {Acrobat rF+ MP+9 Dex-2}
 22063 | D:14     | Found a radiant altar of Vehumet.
 22068 | D:14     | Noticed Rupert
 22961 | D:15     | Entered Level 15 of the Dungeon
 23045 | D:15     | Found a transporter.
 23059 | D:15     | Reached skill level 15 in Dodging
 23182 | D:15     | Found a staircase to the Depths.
 23409 | D:15     | Found a transporter.
 23410 | D:15     | Found a transporter.
 23504 | D:15     | Found a transporter.
 23515 | D:15     | Found a transporter.
 23938 | D:15     | Found a transporter.
 24247 | Orc:1    | Entered Level 1 of the Orcish Mines
 24255 | Orc:1    | Found Siyz's Antique Weapon Emporium.
 24357 | Orc:1    | Found Felauzi's Antique Armour Shop.
 24386 | Orc:1    | Bought a pair of runed boots for 195 gold pieces
 24578 | Orc:2    | Entered Level 2 of the Orcish Mines
 24674 | Orc:2    | Found Solubagg's Antique Weapon Boutique.
 24879 | Orc:2    | Found a runed translucent gate.
 24879 | Orc:2    | Found a runed translucent gate.
 24881 | Orc:2    | Found a runed translucent gate.
 24883 | Orc:2    | Noticed hattey's ghost (journeyman HuWn)
 24883 | Orc:2    | Noticed MrShunz's ghost (adept VSBr)
 24883 | Orc:2    | Noticed Essalna's ghost (journeyman TeFE)
 25145 | Orc:2    | Found Vagh's Weapon Emporium.
 25147 | Orc:2    | Found a staircase to the Elven Halls.
 25209 | Orc:2    | Found Kuigus's General Store.
 25398 | Orc:2    | Found Rogrid's Book Emporium.
 25466 | Orc:2    | Bought a potion of heal wounds for 65 gold pieces
 25466 | Orc:2    | Bought a scroll of fog for 52 gold pieces
 25474 | Orc:2    | Found Take's Antique Weapon Emporium.
 25623 | Orc:2    | Found Laxuf's Antique Armour Emporium.
 25629 | Orc:2    | Bought a pair of bloodstained boots for 237 gold pieces
 25629 | Orc:2    | Identified the +0 pair of boots of the Armoured One {rF+}
                  | (You bought it in a shop on level 2 of the Orcish Mines)
 25945 | Orc:1    | Found Digovemosa's Antique Armour Emporium.
 25971 | Orc:1    | Found Yriworal's Jewellery Emporium.
 26016 | Orc:1    | Bought a steaming hat for 189 gold pieces
 26016 | Orc:1    | Identified the +1 hat of the Hippo {-Tele Int+4} (You
                  | bought it in a shop on level 1 of the Orcish Mines)
 26016 | Orc:1    | Bought a potion of heal wounds for 105 gold pieces
 26021 | Orc:1    | Bought the +18 shield of the Gong {Loud rN+ Will+ rCorr
                  | EV-5} for 1150 gold pieces
 26021 | Orc:1    | Found the +18 shield of the Gong {Loud rN+ Will+ rCorr
                  | EV-5}
 26081 | Orc:2    | Bought a manual of Shields for 1360 gold pieces
 26140 | Orc:1    | Bought the +4 scale mail "Waaleg" {rPois} for 422 gold
                  | pieces
 26142 | Orc:1    | Bought a phantom mirror for 480 gold pieces
 26413 | Spider:1 | Entered Level 1 of the Spider Nest
 26453 | Spider:1 | Reached XP level 16. HP: 136/136 MP: 16/16
 27880 | Spider:1 | Reached skill level 10 in Shields
 29742 | Spider:4 | Entered Level 4 of the Spider Nest
 29942 | Spider:4 | Noticed Donald
 29957 | Spider:4 | Killed Donald
 29989 | Spider:4 | Killed from afar by a meliai

Illustrated notes

Levels and vault maps discovered:
D:1:      amcnicky_arrival_underground_garden, layout_rooms,
          minmay_indecisive_spiral
D:2:      layout_basic
D:3:      layout_basic, mainiacjoe_overflow_catwalk, minmay_door_square,
          uniq_sigmund, uniq_pargi
D:4:      minmay_angry_zag, layout_loops_ring, grunt_temple_overflow_open,
          lightli_ossuary_entry_decrepit_ruins, wad_floor_pattern_untrapped
D:5:      nicolae_BIG_FREAKIN_CUBE, layout_basic,
          mainiacjoe_overflow_surrounded_room, hangedman_minor_gate_pass,
          uniq_blork_the_orc
D:6:      layout_basic, mainiacjoe_overflow_alcove_4, kennysheep_mini_moat,
          nrook_uturn, uniq_edmund, uniq_pikel
D:7:      layout_loops_cross, minmay_temple_entry_ruins, dk_rats_in_the_wall,
          uniq_maggie, uniq_menkaure
D:8:      layout_cave_pools, okawaru_gym_becter
D:9:      layout_gridville, nicolae_overflow_crystal_walls, uniq_prince_ribbit1,
          uniq_erica
D:10:     layout_cave_pools, nicolae_uskayaw_dance_hall, david_lair_shrubbed,
          serial_shops, shop, shop, shop, uniq_psyche, uniq_fannar
D:11:     minmay_wavy_crystal, layout_basic, hiddenorc2_lemuel,
          kiku_gazebo_garden_becter
D:12:     cheibrodos_shockbox, layout_gridville, grunt_ministairs_4
D:13:     layout_loops_ring, david_vaults_5, enter_trove_2
D:14:     layout_long_grid, gauntlet_entry_generic, vehumet_crystals,
          serial_shops, shop, uniq_rupert
D:15:     hangedman_depths_entry_civil_slaughter, layout_basic,
          minmay_misc_feat_encased, serial_nicolae_subway,
          nicolae_sub_station_stone, nicolae_sub_station_metal,
          nicolae_sub_station_crystal
Temple:   nicolae_temple_bog_church
Lair:1:   layout_roguey, serial_bayou_ford_a, cheibrodos_lair_caveside_slide
Lair:2:   layout_small_grid, nicolae_shoals_entry_roost, uniq_amaemon
Lair:3:   layout_cave_pods, nicolae_spider_entry_orb_guardian,
          kennysheep_rathole
Lair:4:   layout_regular_city, minivault_19, wad_woods_river_01
Lair:5:   hangedman_lair_tendril_chambers, layout_layer_cave,
          hangedman_lair_caniforms_friends, slime_entry_1, serial_bayou_lake_a,
          lemuel_fruit_tree, lemuel_fruit_fields
Spider:1: layout_spider_delve, nicolae_spider_not_touching_you
Spider:2: layout_cave_pods
Spider:3: layout_cave_pods
Spider:4: hellmonk_spider_rune_bug_friends, uniq_donald
Orc:1:    layout_caves, serial_shops, shop, shop, nicolae_shop_trees, shop
Orc:2:    grunt_orc_cross, layout_caves, serial_shops, shop, shop,
          gammafunk_ghost_cemetery, nicolae_orc_tapped_out

Skill      XL: |  1  2  3  4  5  6  7  8  9 10 11 12 13 14 15 16 |
---------------+-------------------------------------------------+-----
Long Blades    | 3 4 6 7 9 10 12 14 16 | 16.0
Fighting       | 8 9 10 12 15 16 | 16.2
Armour         | 4 6 10 12 | 12.0
Evocations     | 3 5 8 |  8.0
Shields        | 5 8 11 | 11.5
Dodging        | 4 9 10 12 15 16 | 16.7

Action                     |  1- 3 |  4- 6 |  7- 9 | 10-12 | 13-15 | 16-18 || total
---------------------------+-------+-------+-------+-------+-------+-------++-------
  Melee: Long sword        |   125 |   146 |   359 |       |       |       ||   630
         Bite              |     8 |    22 |    63 |    73 |   181 |    71 ||   418
         Demon blade       |       |       |    73 |   354 |       |       ||   427
         Scimitar          |       |       |    16 |       |    39 |       ||    55
         Double sword      |       |       |       |   279 |  1156 |   425 ||  1860
 Invoke: Call Merchant     |       |       |       |       |     4 |       ||     4
  Evoke: Wand              |       |       |       |     4 |     5 |       ||     9
         Condenser vane    |       |       |       |     1 |       |     1 ||     2
    Use: Scroll            |     1 |     6 |     9 |    12 |     8 |     2 ||    38
         Potion            |       |     2 |     2 |     4 |     1 |     1 ||    10
   Stab: Distracted        |       |       |       |     5 |    12 |     2 ||    19
         Sleeping          |       |       |       |       |     1 |       ||     1
 Armour: Scale mail        |    63 |    59 |   205 |   221 |   331 |    78 ||   957
  Dodge: Dodged            |    63 |    50 |   132 |   217 |   512 |   111 ||  1085
  Block: Buckler           |    30 |    27 |    96 |   219 |   559 |       ||   931
         Reflection        |       |       |       |     2 |    15 |     1 ||    18
         Kite shield       |       |       |       |       |    50 |   665 ||   715

Table legend: (Time is in decaauts)
 A = Elapsed time spent in this place.
 B = Non-inter-level travel time spent in this place.
 C = Inter-level travel time spent in this place.
 D = Time resting spent in this place.
 E = Time spent auto-exploring this place.
 F = Levels seen in this place.
 G = Mean time per level.
                   A        B        C        D        E       F      G
               +--------+--------+--------+--------+--------+-----+--------+
         Total |  29553 |  27601 |   1952 |   2908 |  17684 |  29 | 1019.1 |
       Dungeon |  16600 |  15289 |   1311 |   1878 |   9725 |  15 | 1106.7 |
        Temple |    150 |    135 |     15 |      0 |    126 |   1 |  150.0 |
          Lair |   6523 |   6204 |    319 |    433 |   4306 |   5 | 1304.6 |
   Spider Nest |   3505 |   3378 |    127 |    337 |   2141 |   4 |  876.2 |
  Orcish Mines |   1942 |   1764 |    178 |    135 |   1163 |   2 |  971.0 |
       Ossuary |    554 |    554 |      0 |    124 |     95 |   1 |  554.0 |
      Gauntlet |    276 |    276 |      0 |      0 |    128 |   1 |  276.0 |
               +--------+--------+--------+--------+--------+-----+--------+

Top non-repeatable levels by time:
     D:6: 2539 daAuts
  Lair:5: 2067 daAuts
     D:5: 1654 daAuts
   Orc:2: 1418 daAuts
    D:14: 1408 daAuts
Spider:1: 1403 daAuts
Spider:3: 1255 daAuts
  Lair:2: 1219 daAuts
    D:12: 1212 daAuts
  Lair:3: 1171 daAuts
    D:15: 1155 daAuts
    D:13: 1111 daAuts
  Lair:1: 1073 daAuts
     D:3: 1058 daAuts
     D:7: 1046 daAuts
